Map: Rhoskallian LE

Players

proutprout

  • Race: Protoss Protoss
  • Spawn Location: 11:00

Croc

  • Race: Zerg Zerg
  • League: Diamond
  • Spawn Location: 12:00

qqq

  • Race: Protoss Protoss
  • League: Platinum
  • Spawn Location: 5:00

Massa

  • Race: Terran Terran
  • League: Platinum
  • Spawn Location: 6:00

VOD

Have the link to the VOD?

Description

Time

  • Played on: Dec. 7, 2020, 3:32 p.m.
  • Length: 22:50
Show
View Real Time Build Order
Export as new Build Order

proutprout Protoss 

Build Orders: Carriers 

Get SALT Encoding   

  12  0:00  Probe  
  13  0:13  Probe  
  14  0:25  Probe, Pylon  
  15  0:43  Probe  
  15  0:47  Gateway  
  16  0:55  Probe, Assimilator  
  17  1:07  Probe  
  18  1:19  Probe  
  19  1:31  Probe  
  19  1:56  Probe  
  19  2:04  Gateway  
  19  2:08  Probe  
  20  2:32  Assimilator  
  20  2:42  Pylon  
  20  2:58  Cybernetics Core  
  20  3:01  Probe  
  21  3:26  Nexus  
  21  3:28  Probe  
  22  3:40  Stargate  
  22  3:44  Probe (Chrono Boost)  
  23  3:56  Probe (Chrono Boost)  
  24  4:05  Probe (Chrono Boost), Stargate  
  25  4:10  Probe  
  25  4:16  Shield Battery  
  26  4:25  Phoenix (Chrono Boost)  
  26  4:30  Pylon  
  28  4:34  Probe  
  29  4:42  Probe  
  30  4:45  Phoenix  
  30  4:49  Probe  
  33  4:54  Probe  
  34  5:04  Probe  
  34  5:07  Probe  
  36  5:09  Assimilator  
  36  5:14  Assimilator  
  36  5:16  Probe, Protoss Air Weapons Level 1 (Chrono Boost)  
  36  5:20  Probe  
  38  5:29  Probe  
  38  5:30  Phoenix  
  38  5:32  Phoenix  
  38  5:33  Probe  
  44  5:45  Fleet Beacon  
  44  5:47  Probe  
  45  5:50  Probe  
  46  5:59  Probe, Phoenix (Chrono Boost)  
  49  6:07  Probe  
  49  6:08  Pylon  
  49  6:11  Pylon  
  50  6:19  Phoenix  
  52  6:37  Anion Pulse-Crystals (Chrono Boost), Phoenix  
  54  6:41  Probe  
  55  6:50  Phoenix  
  55  6:52  Probe  
  55  6:53  Probe  
  59  6:56  Pylon  
  59  7:00  Shield Battery  
  59  7:03  Phoenix  
  59  7:04  Probe  
  62  7:10  Phoenix, Pylon x2  
  64  7:20  Phoenix  
  66  7:30  Phoenix  
  66  7:34  Probe x2  
  70  7:45  Phoenix  
  72  8:08  Phoenix  
  72  8:10  Phoenix  
  76  8:17  Probe x2  
  78  8:22  Protoss Air Weapons Level 2 (Chrono Boost)  
  78  8:33  Phoenix (Chrono Boost)  
  80  8:35  Phoenix (Chrono Boost)  
  76  8:55  Phoenix (Chrono Boost)  
  64  8:57  Phoenix (Chrono Boost)  
  66  9:13  Phoenix (Chrono Boost)  
  66  9:14  Phoenix (Chrono Boost)  
  70  9:19  Nexus  
  70  9:22  Pylon  
  70  9:24  Pylon  
  70  9:34  Phoenix (Chrono Boost)  
  70  9:35  Phoenix (Chrono Boost)  
  74  9:39  Nexus  
  74  9:42  Pylon  
  74  9:53  Phoenix  
  74  9:55  Carrier (Chrono Boost)  
  74  9:59  Assimilator  
  78  10:18  Phoenix  
  80  10:43  Phoenix (Chrono Boost)  
  78  10:53  Probe (Chrono Boost)  
  78  10:55  Probe x2 (Chrono Boost), Phoenix (Chrono Boost)  
  83  11:00  Phoenix (Chrono Boost)  
  83  11:03  Probe (Chrono Boost)  
  89  11:06  Probe x3 (Chrono Boost)  
  89  11:08  Probe (Chrono Boost), Robotics Facility  
  89  11:09  Shield Battery  
  90  11:12  Shield Battery, Stargate  
  90  11:15  Probe x2  
  90  11:17  Forge  
  98  11:19  Probe  
  98  11:20  Probe, Cybernetics Core  
  98  11:21  Carrier (Chrono Boost)  
  100  11:27  Probe x2, Carrier (Chrono Boost)  
  100  11:28  Pylon, Assimilator  
  108  11:34  Probe  
  108  11:37  Assimilator  
  108  11:39  Probe x2  
  111  11:49  Probe  
  111  11:51  Probe  
  113  11:55  Assimilator  
  113  11:56  Observer (Chrono Boost)  
  114  12:06  Stargate  
  114  12:09  Observer (Chrono Boost)  
  114  12:14  Carrier (Chrono Boost)  
  114  12:15  Carrier (Chrono Boost)  
  115  12:19  Nexus  
  115  12:20  Pylon  
  115  12:21  Pylon  
  127  12:28  Carrier (Chrono Boost)  
  133  12:35  Protoss Shields Level 1 (Chrono Boost)  
  133  12:40  Assimilator  
  133  12:44  Assimilator  
  133  12:55  Protoss Air Weapons Level 3 (Chrono Boost)  
  133  12:57  Shield Battery  
  133  12:59  Shield Battery  
  133  13:01  Pylon  
  133  13:06  Carrier  
  133  13:08  Pylon  
  139  13:13  Carrier  
  145  13:22  Pylon  
  145  13:27  Twilight Council, Flux Vanes  
  145  13:35  Probe  
  146  13:42  Protoss Air Armor Level 1 (Chrono Boost)  
  152  13:56  Stargate  
  152  13:57  Carrier (Chrono Boost)  
  152  14:00  Tempest (Chrono Boost)  
  157  14:17  Shield Battery  
  157  14:18  Carrier (Chrono Boost)  
  163  14:26  Carrier (Chrono Boost)  
  169  14:40  Tempest (Chrono Boost)  
  168  14:56  Phoenix (Chrono Boost)  
  168  14:57  Phoenix (Chrono Boost)  
  172  15:11  Carrier (Chrono Boost)  
  178  15:22  Protoss Shields Level 2 (Chrono Boost)  
  178  15:24  Carrier  
  178  15:25  Carrier  
  190  15:59  Nexus  
  190  16:02  Pylon  
  190  16:04  Pylon  
  190  16:09  Protoss Air Armor Level 2 (Chrono Boost)  
  190  16:19  Pylon  
  190  16:26  Shield Battery  
  190  16:28  Shield Battery  
  190  16:31  Shield Battery  
  190  16:33  Shield Battery  
  190  16:41  Tempest  
  195  16:53  Assimilator  
  195  16:57  Assimilator  
  185  17:17  Carrier x2  
  197  17:35  Observer (Chrono Boost)  
  192  17:48  Observer (Chrono Boost)  
  139  18:08  Observer  
  139  18:11  Carrier x3 (Chrono Boost)  
  146  18:26  Carrier (Chrono Boost)  
  158  18:28  Carrier (Chrono Boost)  
  155  19:00  Carrier x3 (Chrono Boost)  
  173  19:13  Carrier (Chrono Boost)  
  185  19:20  Carrier (Chrono Boost)  
  183  19:52  Carrier x2  
  183  20:26  Pylon  
  183  20:29  Pylon  
  183  20:31  Pylon  
  183  20:36  Carrier x2  
  183  20:40  Observer  
  195  20:46  Probe  
  196  20:58  Probe  
  196  21:01  Observer  
  196  21:11  Probe  
  197  21:15  Pylon  
  196  21:18  Assimilator  
  196  21:23  Assimilator  
  196  21:25  Nexus  
  196  22:15  Pylon  
  196  22:17  Pylon  
  196  22:19  Pylon  
  196  22:20  Pylon  
  196  22:35  Observer (Chrono Boost)  
  197  22:38  Pylon  
Show
View Real Time Build Order
Export as new Build Order

Croc Zerg 

Build Orders: Hatch First, Lurkers 

Get SALT Encoding   

  12  0:02  Drone  
  13  0:13  Overlord  
  13  0:18  Drone  
  14  0:32  Drone x2  
  14  0:35  Drone  
  17  0:53  Hatchery  
  17  0:56  Drone  
  17  0:59  Drone  
  17  1:03  Extractor  
  17  1:14  Drone  
  18  1:19  Spawning Pool  
  17  1:42  Drone x2  
  17  1:43  Drone  
  20  2:10  Zergling x6  
  20  2:11  Queen  
  20  2:13  Queen  
  27  2:22  Zergling x2  
  28  2:26  Overlord  
  28  2:30  Spine Crawler  
  27  2:54  Drone  
  27  2:55  Drone x5  
  33  2:59  Queen  
  35  3:07  Overlord  
  35  3:09  Metabolic Boost  
  35  3:15  Drone  
  36  3:24  Queen  
  36  3:25  Drone x2  
  36  3:26  Drone x3  
  43  3:37  Lair  
  43  3:56  Hatchery  
  43  3:58  Drone x2, Extractor  
  43  3:59  Overlord  
  43  4:00  Overlord  
  42  4:13  Zergling x6  
  44  4:31  Drone x4  
  45  4:32  Drone  
  49  4:41  Drone x4  
  49  4:42  Drone  
  53  5:00  Drone x3, Evolution Chamber  
  53  5:02  Evolution Chamber  
  53  5:06  Baneling Nest  
  52  5:08  Extractor  
  52  5:09  Drone x3  
  52  5:10  Extractor, Drone x3  
  52  5:11  Overlord  
  56  5:16  Queen  
  58  5:29  Spore Crawler  
  57  5:37  Spore Crawler  
  57  5:38  Spore Crawler  
  57  5:42  Spore Crawler x2  
  53  5:47  Drone  
  53  5:48  Drone  
  53  5:49  Drone x2  
  57  5:53  Zerg Melee Weapons Level 1, Hydralisk Den  
  57  5:54  Zerg Missile Weapons Level 1  
  57  5:56  Drone  
  57  5:57  Drone  
  58  5:58  Overlord  
  58  6:11  Drone x5  
  60  6:12  Drone x5  
  68  6:32  Drone  
  66  6:33  Drone x8  
  66  6:34  Drone  
  66  6:37  Muscular Augments  
  75  6:40  Centrifical Hooks  
  75  6:43  Baneling x5  
  75  6:55  Extractor x2  
  75  6:56  Drone x3  
  75  7:00  Zergling x10  
  81  7:22  Overlord x2  
  81  7:23  Overlord  
  81  7:26  Overlord x4  
  81  7:28  Hatchery  
  80  7:30  Zergling x2  
  81  7:44  Baneling x7  
  81  7:45  Baneling x2  
  81  7:48  Zerg Ground Armor Level 1  
  81  7:49  Grooved Spines  
  81  7:50  Hydralisk  
  81  7:51  Hydralisk x9  
  83  7:52  Hydralisk  
  103  8:19  Hatchery  
  102  8:27  Zerg Missile Weapons Level 2  
  102  8:31  Zergling x4  
  102  8:32  Zergling x16  
  102  8:33  Zergling x12  
  118  8:34  Overlord  
  118  8:37  Pneumatized Carapace  
  118  8:40  Overseer x2  
  118  8:43  Hydralisk x4  
  126  9:04  Zergling x14  
  126  9:05  Zergling x8  
  137  9:10  Zergling x8  
  137  9:11  Zergling x4  
  137  9:13  Baneling x5  
  137  9:14  Baneling x6  
  143  9:19  Hydralisk x4  
  146  9:58  Baneling x4  
  146  9:59  Baneling x2  
  122  10:41  Zergling x4  
  122  10:42  Zergling x10  
  118  10:45  Zergling x8  
  118  10:46  Zergling x14  
  118  10:47  Zergling x4  
  131  10:57  Zerg Melee Weapons Level 2  
  131  10:59  Lurker Den  
  131  11:02  Zerg Ground Armor Level 2  
  130  11:04  Infestation Pit  
  130  11:07  Baneling x2  
  130  11:08  Baneling x9  
  130  11:09  Baneling x2  
  129  11:15  Baneling  
  129  11:16  Baneling x5  
  129  11:23  Zergling x8  
  129  11:24  Hydralisk x6, Zergling x6  
  129  11:25  Hydralisk x5  
  154  11:26  Overlord x6  
  154  11:27  Overlord  
  158  11:46  Hive  
  158  11:52  Hydralisk x6  
  158  11:53  Hydralisk x5  
  180  11:58  Lurker  
  180  11:59  Lurker x4  
  185  12:13  Extractor  
  184  12:17  Extractor  
  183  12:32  Lurker x5  
  183  12:33  Zergling x12  
  183  12:34  Zergling x8  
  188  13:14  Hydralisk x4  
  188  13:15  Hydralisk  
  189  13:20  Seismic Spines, Spire  
  185  13:49  Nydus Network  
  184  13:59  Zerg Melee Weapons Level 3  
  184  14:00  Adrenal Glands  
  184  14:02  Zerg Ground Armor Level 3  
  184  14:17  Adaptive Talons  
  184  14:29  Spire  
  183  14:34  Nydus Canal  
  183  14:38  Hydralisk x8  
  199  15:00  Overlord x2  
  199  15:01  Overlord  
  187  15:22  Corruptor x6  
  187  15:27  Zerg Flyer Weapons Level 1  
  193  15:43  Zergling x8  
  180  16:06  Nydus Canal  
  167  16:16  Zergling x10  
  167  16:17  Zergling x12  
  167  16:18  Zergling x16  
  144  16:19  Zergling x14  
  125  16:41  Baneling x9  
  125  16:42  Baneling x7  
  125  16:43  Baneling x9  
  125  16:44  Baneling x7  
  125  16:45  Baneling x7  
  125  16:46  Baneling x5  
  125  16:48  Zergling x2  
  125  16:49  Zergling x14  
  125  16:50  Zergling x14  
  125  16:51  Zergling x2  
  88  17:52  Corruptor x5  
  88  17:53  Corruptor x7  
  88  17:54  Corruptor  
  109  18:01  Zergling x6  
  109  18:02  Zergling x2  
  113  18:14  Zergling x14  
  113  18:18  Zergling x4  
  119  18:29  Zergling x4  
  119  18:30  Zergling x8  
  122  18:36  Zergling x6  
  122  18:39  Zergling x4  
  127  18:46  Baneling x7  
  127  18:47  Baneling  
  127  18:48  Baneling  
  125  19:16  Corruptor x4  
  131  19:23  Baneling x5  
  131  19:24  Baneling x2  
  133  19:46  Hatchery  
  132  19:56  Zerg Flyer Weapons Level 2  
  132  19:58  Zerg Flyer Armor Level 1  
  122  20:35  Corruptor x3  
  122  20:36  Corruptor  
  130  20:45  Baneling x4  
  130  20:46  Baneling x2  
  130  20:52  Zergling x4  
  123  21:26  Zergling x6  
  123  21:27  Zergling x14  
  123  21:28  Zergling x8  
  129  21:43  Zergling x4  
  129  21:44  Zergling x14  
  118  22:02  Zergling x10  
  118  22:03  Zergling x10  
  126  22:14  Zergling x4  
  126  22:15  Zergling x10  
Show
View Real Time Build Order
Export as new Build Order

qqq Protoss 

Build Orders: Carriers 

Get SALT Encoding   

  12  0:00  Probe  
  13  0:12  Probe  
  14  0:28  Probe  
  14  0:33  Pylon  
  15  0:51  Probe  
  15  0:52  Forge  
  16  1:02  Pylon  
  16  1:05  Pylon  
  16  1:21  Probe  
  17  1:26  Photon Cannon  
  17  1:44  Pylon  
  16  1:57  Probe  
  17  2:24  Gateway  
  17  2:27  Probe  
  18  2:31  Nexus  
  18  2:39  Probe  
  18  2:42  Photon Cannon  
  19  2:45  Pylon  
  19  2:51  Probe  
  20  3:03  Assimilator  
  20  3:04  Probe  
  21  3:07  Assimilator  
  21  3:13  Photon Cannon  
  21  3:16  Probe  
  22  3:25  Pylon  
  22  3:28  Probe  
  23  3:40  Probe (Chrono Boost)  
  24  3:44  Cybernetics Core  
  24  3:51  Probe (Chrono Boost)  
  24  3:52  Probe (Chrono Boost)  
  26  4:00  Probe (Chrono Boost)  
  26  4:01  Probe (Chrono Boost)  
  28  4:09  Probe (Chrono Boost)  
  30  4:10  Probe (Chrono Boost)  
  30  4:14  Probe (Chrono Boost)  
  30  4:16  Probe (Chrono Boost)  
  32  4:21  Stargate  
  32  4:23  Probe  
  33  4:26  Stargate  
  33  4:28  Probe  
  33  4:31  Pylon  
  34  4:36  Probe (Chrono Boost)  
  35  4:40  Probe (Chrono Boost), Assimilator  
  35  4:44  Assimilator  
  36  4:51  Probe (Chrono Boost)  
  38  4:53  Probe (Chrono Boost)  
  38  4:57  Probe (Chrono Boost)  
  38  4:58  Probe (Chrono Boost)  
  40  5:02  Probe  
  40  5:05  Phoenix (Chrono Boost)  
  43  5:07  Probe  
  43  5:08  Protoss Air Weapons Level 1 (Chrono Boost)  
  44  5:19  Probe  
  47  5:24  Phoenix (Chrono Boost)  
  47  5:31  Probe  
  48  5:37  Phoenix (Chrono Boost)  
  48  5:42  Phoenix  
  52  5:43  Probe  
  53  5:58  Phoenix  
  55  6:09  Phoenix, Nexus  
  57  6:12  Pylon  
  57  6:14  Probe  
  57  6:15  Probe, Pylon  
  59  6:23  Phoenix  
  61  6:26  Probe, Fleet Beacon  
  61  6:30  Probe  
  63  6:37  Phoenix (Chrono Boost)  
  63  6:38  Photon Cannon  
  63  6:39  Probe  
  66  6:42  Probe, Photon Cannon  
  67  6:48  Phoenix (Chrono Boost)  
  67  6:51  Probe  
  70  6:54  Probe  
  73  7:03  Probe, Shield Battery  
  73  7:04  Phoenix (Chrono Boost)  
  73  7:06  Photon Cannon  
  73  7:08  Pylon  
  74  7:11  Probe  
  74  7:15  Probe  
  78  7:19  Phoenix (Chrono Boost)  
  78  7:21  Phoenix (Chrono Boost)  
  80  7:23  Probe, Anion Pulse-Crystals (Chrono Boost)  
  81  7:48  Protoss Air Armor Level 1  
  77  8:00  Phoenix  
  79  8:09  Probe  
  80  8:14  Carrier  
  86  8:25  Probe  
  87  8:28  Assimilator  
  87  8:31  Assimilator  
  87  8:34  Photon Cannon  
  87  8:36  Shield Battery  
  87  8:37  Probe  
  87  8:38  Photon Cannon  
  87  8:40  Pylon  
  82  8:49  Probe  
  73  9:01  Carrier (Chrono Boost)  
  79  9:15  Probe (Chrono Boost)  
  80  9:18  Phoenix  
  83  9:24  Probe (Chrono Boost)  
  83  9:29  Probe (Chrono Boost)  
  83  9:40  Nexus  
  83  9:41  Probe  
  83  9:42  Pylon  
  83  9:45  Pylon  
  90  9:51  Carrier (Chrono Boost)  
  90  9:53  Probe  
  91  10:02  Carrier (Chrono Boost)  
  91  10:04  Stargate  
  93  10:17  Protoss Air Weapons Level 2 (Chrono Boost)  
  93  10:28  Probe  
  76  10:40  Probe, Photon Cannon  
  77  10:44  Photon Cannon  
  77  10:46  Shield Battery  
  77  10:48  Photon Cannon, Carrier  
  83  10:51  Pylon  
  83  10:52  Probe, Carrier  
  83  10:54  Pylon  
  90  11:00  Carrier  
  97  11:04  Probe (Chrono Boost)  
  97  11:16  Probe (Chrono Boost)  
  99  11:19  Probe (Chrono Boost), Photon Cannon  
  99  11:22  Probe (Chrono Boost), Photon Cannon  
  100  11:26  Probe  
  100  11:28  Nexus  
  100  11:30  Probe, Pylon  
  102  11:34  Pylon  
  102  11:37  Robotics Facility  
  102  11:38  Probe  
  102  11:39  Pylon  
  103  11:42  Pylon  
  103  11:44  Probe (Chrono Boost), Pylon  
  103  11:45  Mothership (Chrono Boost)  
  104  11:52  Phoenix  
  115  11:55  Probe (Chrono Boost), Phoenix  
  115  11:58  Tempest  
  118  12:01  Probe (Chrono Boost)  
  118  12:04  Probe (Chrono Boost)  
  118  12:06  Photon Cannon  
  118  12:07  Tempest  
  124  12:09  Probe  
  124  12:12  Tempest  
  124  12:15  Probe (Chrono Boost)  
  132  12:26  Probe (Chrono Boost)  
  138  12:30  Protoss Air Armor Level 2 (Chrono Boost)  
  138  12:31  Observer  
  138  12:32  Probe (Chrono Boost)  
  138  12:36  Probe (Chrono Boost)  
  140  12:38  Probe  
  140  12:43  Photon Cannon  
  141  12:45  Shield Battery  
  141  12:48  Pylon  
  141  12:50  Probe  
  142  12:52  Observer, Photon Cannon  
  142  12:55  Photon Cannon  
  143  12:59  Pylon x2  
  143  13:04  Pylon  
  143  13:13  Observer  
  144  13:22  Probe x3  
  144  13:26  Photon Cannon  
  147  13:33  Photon Cannon  
  148  13:34  Probe x3  
  148  13:35  Tempest  
  148  13:36  Tempest, Photon Cannon  
  148  13:39  Tempest  
  165  13:46  Probe x2  
  168  13:56  Observer  
  168  14:01  Stargate  
  168  14:02  Stargate  
  168  14:05  Stargate  
  168  14:06  Pylon  
  168  14:09  Photon Cannon, Pylon  
  168  14:13  Assimilator  
  169  14:17  Observer, Assimilator  
  169  14:27  Void Ray  
  169  14:32  Carrier x2  
  183  15:10  Phoenix  
  184  15:35  Carrier  
  190  15:36  Carrier  
  195  15:46  Photon Cannon  
  195  15:48  Photon Cannon  
  193  15:50  Shield Battery  
  193  15:51  Shield Battery  
  193  15:52  Tempest  
  184  16:35  Nexus  
  184  16:39  Pylon  
  184  16:40  Pylon  
  184  16:42  Pylon  
  184  16:45  Pylon  
  184  16:47  Pylon  
  184  16:49  Pylon  
  184  16:51  Pylon  
  184  16:55  Pylon  
  184  16:58  Tempest  
  184  17:00  Nexus  
  189  17:02  Protoss Air Armor Level 3 (Chrono Boost)  
  95  18:11  Carrier x3 (Chrono Boost)  
  83  18:25  Carrier (Chrono Boost)  
  83  18:26  Carrier (Chrono Boost)  
  95  18:27  Probe  
  95  18:30  Probe  
  95  18:33  Probe  
  98  18:39  Probe  
  99  18:42  Probe  
  100  18:51  Probe  
  100  18:54  Probe  
  102  18:55  Pylon  
  108  19:03  Probe  
  108  19:06  Probe  
  108  19:07  Carrier (Chrono Boost)  
  105  19:15  Probe  
  112  19:22  Carrier (Chrono Boost), Phoenix (Chrono Boost)  
  114  19:29  Tempest (Chrono Boost)  
  119  19:41  Tempest  
  124  19:51  Void Ray x2  
  124  19:58  Protoss Air Weapons Level 3  
  132  20:00  Mothership (Chrono Boost)  
  132  20:05  Tempest  
  143  20:46  Probe x3  
  146  20:58  Probe x2  
  148  21:13  Pylon  
  148  21:15  Pylon  
  148  21:17  Pylon  
  125  21:19  Pylon  
  119  21:36  Carrier  
  119  21:37  Tempest  
  130  21:44  Zealot  
  105  22:07  Tempest (Chrono Boost)  
  100  22:11  Zealot  
  102  22:18  Photon Cannon  
  102  22:20  Photon Cannon, Assimilator  
  102  22:22  Photon Cannon  
  101  22:23  Photon Cannon  
  101  22:24  Photon Cannon, Assimilator  
  101  22:29  Photon Cannon  
  92  22:30  Photon Cannon  
  92  22:31  Nexus  
  92  22:32  Photon Cannon  
  92  22:33  Photon Cannon, Shield Battery  
  92  22:35  Pylon  
  92  22:36  Photon Cannon  
  92  22:37  Pylon  
  92  22:39  Photon Cannon  
  92  22:40  Photon Cannon  
  92  22:41  Photon Cannon  
  92  22:42  Photon Cannon  
  104  22:44  Photon Cannon, Shield Battery  
  104  22:45  Shield Battery  
  104  22:49  Photon Cannon  
Show
View Real Time Build Order
Export as new Build Order

Massa Terran 

Build Orders:  

Get SALT Encoding   

  12  0:00  SCV  
  13  0:12  SCV  
  14  0:23  Supply Depot  
  14  0:24  SCV  
  15  0:41  Refinery  
  15  0:45  SCV  
  15  0:46  Barracks  
  16  0:57  SCV  
  17  1:09  SCV  
  18  1:21  SCV  
  19  1:33  SCV  
  19  1:45  SCV  
  20  1:52  Reaper  
  21  1:57  Command Center  
  21  1:59  Orbital Command  
  21  2:25  Reaper  
  21  2:26  SCV  
  23  2:33  Factory  
  23  2:43  Supply Depot  
  23  2:44  Supply Depot  
  23  3:04  SCV, Marine  
  25  3:06  Supply Depot  
  25  3:09  Orbital Command  
  25  3:17  SCV  
  26  3:25  Engineering Bay  
  26  3:26  Starport  
  26  3:29  SCV  
  26  3:31  Factory Reactor  
  26  3:32  Barracks Tech Lab  
  27  3:36  SCV, Barracks  
  27  3:41  SCV  
  29  3:52  SCV  
  29  3:53  SCV  
  31  3:59  Refinery  
  31  4:00  Marauder  
  33  4:04  SCV  
  33  4:05  SCV  
  35  4:16  SCV  
  36  4:22  Stimpack  
  36  4:23  Hellion x2  
  40  4:27  Barracks Reactor, SCV  
  40  4:28  SCV  
  42  4:39  SCV  
  42  4:40  SCV  
  42  4:45  Hellion x2  
  48  4:48  Missile Turret  
  48  4:51  SCV, Missile Turret  
  48  4:52  SCV  
  49  5:00  Factory  
  49  5:03  SCV  
  49  5:06  Hellion x2  
  54  5:08  Refinery  
  54  5:10  Refinery  
  54  5:14  Liberator  
  54  5:18  Marine x3  
  60  5:24  SCV x2  
  62  5:43  Supply Depot  
  62  5:45  Supply Depot  
  62  6:04  Widow Mine x2, SCV, Marauder, Marine  
  62  6:06  Marine  
  71  6:16  SCV x2  
  73  6:22  Marine  
  74  6:26  Widow Mine, Marauder  
  74  6:28  Widow Mine, SCV  
  73  6:38  Factory Tech Lab  
  71  6:43  Missile Turret  
  71  6:46  Command Center  
  71  6:47  Marauder  
  73  6:54  Sensor Tower  
  73  6:55  Starport Reactor  
  73  6:56  Terran Infantry Weapons Level 1  
  73  7:00  SCV x2, Armory  
  75  7:02  Widow Mine  
  75  7:04  Marine  
  78  7:20  Barracks, Supply Depot  
  78  7:22  Supply Depot  
  78  7:25  Supply Depot, Combat Shield  
  78  7:37  Engineering Bay  
  78  7:41  Marine  
  78  7:42  Widow Mine x2, SCV, Marauder  
  78  7:43  SCV, Marine  
  86  7:44  Widow Mine  
  86  7:45  Supply Depot x2  
  86  7:47  Supply Depot  
  88  7:54  SCV  
  89  8:04  Drilling Claws  
  89  8:06  Widow Mine  
  89  8:09  Marauder, Marine x2  
  89  8:10  Supply Depot  
  92  8:13  Barracks Tech Lab  
  92  8:19  SCV x2  
  95  8:20  SCV, Medivac x2  
  95  8:22  Terran Infantry Armor Level 1  
  95  8:24  Terran Vehicle And Ship Armor Level 1  
  95  8:26  Widow Mine x2  
  105  8:27  Widow Mine  
  105  8:30  Marauder  
  105  8:31  SCV  
  105  8:43  Concussive Shells  
  105  8:48  Widow Mine x2  
  109  8:58  SCV x2  
  114  9:02  Missile Turret, Siege Tank  
  114  9:03  Missile Turret  
  114  9:04  Missile Turret x2  
  114  9:09  Widow Mine x2  
  118  9:10  SCV x2  
  118  9:11  Marauder x2, Marine  
  118  9:12  Marine  
  118  9:14  Medivac  
  128  9:22  SCV  
  129  9:29  Marine x2  
  127  9:32  Marauder  
  127  9:33  Marauder  
  127  9:35  Siege Tank  
  132  9:47  Marine  
  132  9:51  Marine  
  134  9:53  Widow Mine x2  
  134  9:54  Marauder x2  
  142  10:05  Marine  
  142  10:07  Siege Tank  
  145  10:09  Marine  
  143  10:15  Marauder x2, Medivac  
  143  10:18  Medivac  
  148  10:23  Marine  
  142  10:37  Marauder x2  
  142  10:39  Siege Tank  
  145  10:46  Marine x2  
  145  10:49  Widow Mine x2  
  149  10:58  Terran Infantry Armor Level 2  
  149  10:59  Orbital Command, Barracks  
  149  11:02  Barracks  
  149  11:08  Supply Depot  
  149  11:09  Supply Depot  
  149  11:12  Command Center  
  149  11:14  Refinery x2  
  149  11:30  Widow Mine, SCV, Marauder, Marine x2, Siege Tank  
  149  11:31  SCV, Marauder  
  149  11:32  Supply Depot x2  
  160  11:48  Marine x2  
  160  11:51  Marine  
  160  11:52  Marauder  
  165  11:56  Smart Servos  
  165  11:57  Missile Turret, Supply Depot  
  165  11:59  Supply Depot  
  165  12:02  Siege Tank  
  168  12:09  Marauder  
  168  12:13  SCV  
  168  12:14  SCV x2  
  173  12:17  Missile Turret  
  173  12:18  Missile Turret x2  
  173  12:19  Missile Turret  
  173  12:20  Missile Turret  
  173  12:21  Supply Depot  
  173  12:22  Medivac x2  
  177  12:24  Supply Depot  
  177  12:36  Missile Turret  
  177  12:37  Missile Turret  
  177  12:43  SCV  
  177  12:44  SCV x2  
  180  12:46  Marauder  
  180  12:47  Marauder, Marine x2  
  186  12:55  SCV  
  186  12:56  SCV x2  
  189  13:00  Terran Infantry Weapons Level 2  
  189  13:03  Terran Vehicle Weapons Level 1  
  189  13:07  Barracks Reactor, Barracks Tech Lab  
  189  13:08  Armory, Marauder x2  
  189  13:10  Barracks  
  189  13:11  Barracks  
  189  13:12  Planetary Fortress  
  193  13:13  Barracks x2  
  193  13:23  Siege Tank  
  193  13:24  Widow Mine x2  
  200  13:29  Marauder  
  200  13:31  Command Center  
  196  13:47  Widow Mine x2  
  200  14:02  Terran Infantry Armor Level 3  
  200  14:04  Terran Vehicle And Ship Armor Level 2  
  200  14:18  Sensor Tower  
  191  15:16  Supply Depot  
  191  15:17  Supply Depot x2  
  191  15:18  Supply Depot  
  191  15:40  Supply Depot  
  191  15:42  Supply Depot  
  191  15:43  Supply Depot  
  191  15:44  Supply Depot  
  191  16:10  Supply Depot  
  162  16:25  Marauder  
  149  16:26  Marauder x2, Marine x4  
  149  16:27  Orbital Command  
  149  16:29  Barracks Reactor  
  158  16:34  Planetary Fortress  
  158  16:43  Marine  
  158  16:44  Barracks Reactor, Barracks Tech Lab x2, Marine x2  
  158  16:47  Marauder x3  
  164  16:55  Terran Infantry Weapons Level 3  
  164  16:56  Terran Vehicle Weapons Level 2  
  164  16:57  Terran Vehicle And Ship Armor Level 3  
  164  17:08  Marauder  
  166  17:09  Marauder x2  
  168  17:29  Marauder  
  169  17:30  Marauder x2  
  147  17:42  Marauder  
  147  17:43  Marauder, Marine x8  
  146  17:51  Marauder x3  
  141  17:55  Medivac x2  
  149  18:00  Marine  
  149  18:01  Marine x7  
  149  18:04  Marauder x2  
  159  18:12  Marauder  
  159  18:13  Marauder x2  
  159  18:18  Marine  
  158  18:25  Marauder x2, Medivac  
  154  18:34  Marauder x3  
  142  18:40  Thor  
  136  18:43  Widow Mine x2  
  136  18:46  Marauder  
  128  18:54  Factory x2  
  128  18:55  Factory  
  128  19:04  Widow Mine x2  
  132  19:22  Refinery  
  132  19:23  Refinery, Thor  
  138  19:26  Command Center  
  137  19:40  Missile Turret x2  
  137  19:41  Marine x9  
  137  19:42  Marine x4  
  137  19:43  Factory Tech Lab x3, Missile Turret  
  137  19:44  Barracks  
  137  19:45  Missile Turret  
  150  19:47  Missile Turret  
  150  19:56  Factory Tech Lab  
  150  19:59  Marine  
  151  20:05  Thor, Missile Turret  
  153  20:07  Thor x2  
  153  20:08  Thor  
  153  20:11  Missile Turret  
  152  20:31  Command Center  
  151  20:37  Thor  
  151  20:39  Marine  
  151  20:40  Marine x3  
  161  20:45  Planetary Fortress  
  161  20:48  Thor  
  167  20:50  Thor x3  
  183  21:08  Refinery x2  
  175  21:17  Missile Turret  
  174  21:18  Missile Turret  
  169  21:29  Missile Turret  
  169  21:30  Thor  
  169  21:31  Thor  
  118  22:16  Marine x2  
  118  22:17  Marauder, Marine x3  
Tags
 
Add a new tag
Caveats
  • Supply blocks, unpowered buildings, or Contaminate may cause inaccurate times.
  • Supply counts are checked every 10 seconds.